 Dungeon Crawl Stone Soup version 0.28.0 (webtiles) character file.

Game seed: 18223944827143720961

205 mkm the Magician (level 5, -5/25 (29) HPs)
             Began as a Deep Elf Fire Elementalist on Feb 13, 2022.
             Slain by a wight (9 damage)
             ... on level 3 of the Dungeon.
             The game lasted 00:10:04 (3446 turns).

mkm the Magician (Deep Elf Fire Elementalist)       Turns: 3446, Time: 00:10:06

HP:   -5/25 (29)    AC:  2    Str:  5    XL:     5   Next: 53%
MP:   5/13          EV: 13    Int: 22    God:
Gold: 144           SH:  5    Dex: 15    Spells: 9/12 levels left

rFire   . . .      SeeInvis .   (no weapon)
rCold   + . .      Faith    .   i - +2 buckler
rNeg    . . .      Spirit   .   a - +0 robe
rPois   .          Reflect  .   (no helmet)
rElec   .          Harm     .   (no cloak)
rCorr   .          Rampage  .   (no gloves)
Will    .....                   (no boots)
Stlth   ++........              (no amulet)
HPRegen 0.08/turn               k - ring of protection from cold
MPRegen 0.13/turn               (no ring)

@: heavily drained
A: no striking features
a: no special abilities


You were on level 3 of the Dungeon.
You visited 1 branch of the dungeon, and saw 4 of its levels.

You collected 144 gold pieces.

Inventory:

Hand Weapons
 e - a +0 short sword
Missiles
 l - a throwing net
Armour
 a - a +0 robe (worn)
 d - a +0 helmet
 i - a +2 buckler (worn)
Jewellery
 k - a ring of protection from cold (left hand)
Scrolls
 c - 2 scrolls of teleportation
 f - a scroll of immolation {unknown}
 h - a scroll of amnesia {unknown}
Potions
 b - a potion of ambrosia {unknown}
 g - a potion of curing {unknown}
 j - a potion of mutation {unknown}


   Skills:
 + Level 1.6 Fighting
 + Level 3.6 Dodging
 + Level 3.6 Stealth
 + Level 4.1 Spellcasting
 + Level 2.5 Conjurations
 + Level 4.1 Fire Magic


You had 9 spell levels left.
You knew the following spells:

 Your Spells              Type           Power      Damage    Failure   Level
a - Foxfire               Conj/Fire      76%        2x1d7     3%          1
b - Scorch                Fire           44%        2d7       4%          2

Your spell library contained the following spells:

 Spells                   Type           Power      Damage    Failure   Level
 Magic Dart               Conj           60%        1d6       5%          1
 Conjure Flame            Conj/Fire      19%        6-21      12%         3
 Slow                     Hex            16%        N/A       16%         1
 Inner Flame              Hex/Fire       13%        N/A       19%         3
 Call Imp                 Summ           4%         N/A       22%         2
 Dazzling Flash           Conj/Hex       20%        N/A       26%         3
 Mephitic Cloud           Conj/Pois/Air  8%         N/A       32%         3
 Flame Wave               Conj/Fire      19%        2d6       36%         4
 Confusing Touch          Hex            4%         N/A       41%         3
 Vampiric Draining        Necr           4%         2d6       41%         3
 Iskenderun's Mystic Bla  Conj/Tloc      10%        2d4       65%         4
 Starburst                Conj/Fire      9%         6d5       99%         6


Dungeon Overview and Level Annotations

Branches:
Dungeon (4/15)
 Temple: D:4-7

Altars:


Message History

The foxfire hits the wight.
The wight is lightly damaged.
The foxfire hits the wight.
The wight is lightly damaged.
You conjure some foxfire!
The foxfire hits the wight but does no damage.
The wight is lightly damaged.
The foxfire hits the wight.
The wight is moderately damaged.
Casting: Foxfire (safe; 3% risk of failure)
Confirm with . or Enter, or press ? or * to list all spells.
Flames lash the wight.
The wight is severely damaged.
The wight's fire resistance burns away.
The wight hits you with a +4 long sword!
You feel drained.
Your magical contamination has completely faded away.
Casting: Scorch (safe; 4% risk of failure)
Confirm with . or Enter, or press ? or * to list all spells.
Flames lash the wight but do no damage.
The wight hits you with a +4 long sword!
* * * LOW HITPOINT WARNING * * *
You feel drained.
* * * LOW HITPOINT WARNING * * *
A wight comes into view. It is wielding a +0 great sword.
A wight comes into view. It is wielding a +0 battleaxe.
A kobold comes into view. It is wielding a +0 short sword.
There is a stone staircase leading up here.
The wight is no longer more vulnerable to fire.
The wight closely misses you.
You climb upwards.
There is a stone staircase leading down here.
Okay, then.
Casting: Scorch (safe; 4% risk of failure)
Confirm with . or Enter, or press ? or * to list all spells.
Flames lash the wight.
The wight is almost destroyed.
The wight's fire resistance burns away.
The wight hits you with a +4 long sword!
You die...

#..# ####.....##...
####..#######........#####
#....................#####
#.###########............#
#.#.........#............#
#.#.#######.#.######.....#
#.#...)..................'
#.#######.#.#.######.....#
#.#.....z@................
#.##.####.#.#.######.....#
#.##.##.....#.# #######
#.##.##.....#.#
#.##)##.....#.#
#.##.##.....#.#
#.##.##.....#.#
#.##.##.....#.#
#.##.##(....#.#


You could see a wight (combustible).

Vanquished Creatures
  A scorpion (D:3)
  Terence (D:3)
  3 gnolls (D:3)
  4 adders
  A worm (D:2)
  3 dart slugs (D:1)
  9 endoplasms
  2 giant cockroaches (D:3)
  6 goblins
  2 hobgoblins (D:1)
  2 quokkas
  A ball python (D:3)
  2 bats
  7 frilled lizards
  8 kobolds
  6 rats
58 creatures vanquished.

Vanquished Creatures (others)
  151 foxfires
151 creatures vanquished.

Grand Total: 209 creatures vanquished

Notes
Turn   | Place    | Note
-------+----------+-------------------------------------------
     0 | D:1      | mkm the Deep Elf Fire Elementalist began the quest for the
                  | Orb.
     0 | D:1      | Reached XP level 1. HP: 10/10 MP: 6/6
   286 | D:1      | Reached XP level 2. HP: 15/15 MP: 5/8
   571 | D:1      | Found a faded altar of an unknown god.
   726 | D:1      | Learned a level 2 spell: Scorch
   784 | D:1      | Reached XP level 3. HP: 20/20 MP: 4/9
  2258 | D:3      | Reached skill level 1 in Fighting
  2409 | D:3      | Noticed a scorpion
  2415 | D:3      | Killed a scorpion
  2416 | D:3      | Reached XP level 4. HP: 25/25 MP: 3/11
  2639 | D:3      | Noticed Terence
  2710 | D:3      | Killed Terence
  2711 | D:3      | Reached XP level 5. HP: 11/29 MP: 1/13
  3446 | D:3      | Slain by a wight

Illustrated notes

Levels and vault maps discovered:
D:1:      dpeg_arrival_short_road, layout_basic,
          dreamdust_ecumenical_altar_angels_and_demons
D:2:      layout_rooms
D:3:      layout_basic, uniq_terence
D:4:      layout_layer_cave

Skill      XL: |  1  2  3  4 |
---------------+-------------+-----
Dodging        | 3 |  3.6
Stealth        | 3 |  3.6
Conjurations   | 2 |  2.5
Fighting       | 1 |  1.6
Spellcasting   | 4 |  4.1
Fire Magic     | 4 |  4.1

Action                   |  1- 3 |  4- 6 || total
-------------------------+-------+-------++-------
 Cast: Foxfire           |    64 |    24 ||    88
       Scorch            |     8 |    10 ||    18
  Use: Scroll            |       |     1 ||     1
Armor: Robe              |     4 |       ||     4
Dodge: Dodged            |    13 |     4 ||    17
Block: Buckler           |       |     3 ||     3
